AoeStats
← Fries

Arena

510569916Analyzed
4v4 RM · 16h ago on Oct 1, 2026· 41m 36s· 8 players
Game mode
Random Map
Map size
Large (8 player)
Population
200
Speed
Normal
Resources
Standard
Victory
Conquest
Starting age
Dark Age
Ending age
Imperial Age
RankedLock teamsTeams togetherTeam positionsShared explorationLock speedFull tech treeHidden civsTurbo modeCheats
Victory
Defeat
🇹🇼 Celts · Taiwan
1557
+14
🇹🇼 Saxons · Taiwan
1405
+20
🇦🇷 Khmer · Argentina
1401
+21
🇹🇼 Byzantines · Taiwan
1363
+22
🇺🇸 Georgians · United States
1533
-20
🇫🇷 Maya · France
1530
-20
🇲🇽 Spanish · Mexico
1528
-20
🇺🇸 Hindustanis · United States
1437
-17
Duaaa
11:23 Feudal Age
14:51 Castle Age
13:01 Double-Bit Axe
13:10 Horse Collar
15:44 Bow Saw
16:55 Padded Archer Armor
22:38 Gold Mining
28:12 Wheelbarrow
29:24 Leather Archer Armor
36:06 Imperial Age
34:55 Fletching
35:23 Scale Mail Armor
35:33 Forging
35:52 Loom
37:16 Chain Mail Armor
36:22 Pikeman
36:49 Gambesons
37:04 Squires
37:34 Conscription
38:09 Iron Casting
37:00 Halberdier
38:45 Plate Mail Armor
38:55 Arson
40:28 Blast Furnace
Vedette87
9:51 Feudal Age
13:35 Castle Age
11:34 Double-Bit Axe
11:34 Horse Collar
15:10 Bow Saw
16:23 Loom
31:25 Wheelbarrow
31:04 Gold Mining
31:04 Stone Mining
32:35 Gold Shaft Mining
32:27 Hand Cart
32:50 Heavy Plow
37:19 Imperial Age
36:18 Stone Shaft Mining
37:37 Bloodlines
37:27 Husbandry
37:35 Scale Barding Armor
37:40 Forging
38:06 Town Watch
37:47 Heavy Camel Rider
40:20 Chain Barding Armor
40:35 Iron Casting
42:11 Chemistry
41:07 Fletching
41:33 Padded Archer Armor
JohnnySniper
0:38 Loom
11:15 Feudal Age
15:30 Castle Age
13:18 Double-Bit Axe
14:34 Horse Collar
15:44 Fletching
20:23 Wheelbarrow
28:47 Imperial Age
27:05 Gold Mining
27:22 Padded Archer Armor
28:48 Bodkin Arrow
32:22 Conscription
33:40 Elite Plumed Archer
35:35 Bow Saw
36:02 Bracer
36:18 Leather Archer Armor
39:21 Ring Archer Armor
41:46 Chemistry
41:07 Ballistics
UBERstrats
11:03 Feudal Age
12:20 Double-Bit Axe
14:53 Castle Age
13:04 Horse Collar
16:11 Bow Saw
16:33 Heavy Plow
18:01 Loom
21:44 Wheelbarrow
21:50 Scale Barding Armor
22:18 Forging
23:18 Hand Cart
23:27 Gold Mining
24:42 Chain Barding Armor
25:05 Town Watch
26:41 Iron Casting
27:42 Bloodlines
27:33 Husbandry
31:07 Imperial Age
28:38 Pikeman
29:18 Squires
29:46 Scale Mail Armor
31:12 Halberdier
32:15 Conscription
32:38 Plate Barding Armor
33:04 Blast Furnace
31:29 Elite Monaspa
32:57 Chain Mail Armor
34:39 Crop Rotation
33:43 Capped Ram
39:44 Stone Mining
40:39 Svan Towers
41:15 Fletching
42:26 Chemistry
41:47 Ballistics
[TAIDA]馬其
8:41 Loom
11:11 Feudal Age
15:16 Castle Age
14:00 Double-Bit Axe
14:51 Horse Collar
17:33 Bow Saw
18:55 Sanctity
18:47 Fervor
23:46 Heavy Plow
24:04 Redemption
25:17 Wheelbarrow
26:29 Hand Cart
30:43 Imperial Age
28:22 Fletching
28:33 Padded Archer Armor
28:56 Ballistics
28:47 Fortified Wall
28:19 Treadmill Crane
28:23 Elite Skirmisher
29:14 Gold Mining
29:15 Stone Mining
29:35 Squires
29:42 Arson
30:29 Bodkin Arrow
30:49 Leather Archer Armor
31:02 Devotion
30:26 Pikeman
32:28 Scale Mail Armor
32:39 Forging
33:05 Crop Rotation
33:08 Conscription
33:54 Chain Mail Armor
33:18 Elite Varangian Guard
35:29 Plate Mail Armor
35:35 Iron Casting
37:17 Chemistry
37:20 Bracer
37:50 Ring Archer Armor
37:28 Halberdier
40:14 Two-Man Saw
39:49 Capped Ram
41:41 Ring Archer Armor
41:08 Murder Holes
41:57 Gold Shaft Mining
41:57 Stone Shaft Mining
40:59 Siege Ram
阿扁elephant多錢
1:41 Loom
11:03 Feudal Age
11:36 Loom
14:56 Castle Age
13:23 Double-Bit Axe
17:12 Horse Collar
25:08 Redemption
25:38 Scale Mail Armor
25:49 Forging
29:08 Chain Mail Armor
34:21 Imperial Age
36:44 Fletching
36:54 Padded Archer Armor
38:05 Block Printing
38:41 Wheelbarrow
40:07 Conscription
40:19 Fortified Wall
40:17 Elite Skirmisher
41:17 Bow Saw
41:28 Heavy Plow
[TAIDA]= =
10:39 Feudal Age
13:20 Castle Age
11:07 Double-Bit Axe
11:05 Horse Collar
14:18 Bow Saw
15:49 Loom
18:16 Town Watch
20:13 Heavy Plow
21:17 Gold Mining
22:11 Wheelbarrow
24:05 Hand Cart
24:14 Hand Cart
24:45 Gold Shaft Mining
29:11 Imperial Age
26:52 Scale Barding Armor
27:11 Husbandry
27:21 Bloodlines
27:59 Chain Barding Armor
28:29 Forging
28:38 Light Cavalry
30:27 Plate Barding Armor
29:39 Hussar
31:08 Iron Casting
30:46 Elite Battle Elephant
34:00 Blast Furnace
36:24 Conscription
38:04 Siege Engineers
38:37 Town Patrol
38:43 Heavy Scorpion
40:26 Chemistry
39:47 Double Crossbow
41:09 Ballistics
Fries
8:13 Loom
10:29 Feudal Age
11:49 Double-Bit Axe
14:54 Castle Age
20:49 Ballistics
22:57 Horse Collar
28:50 Wheelbarrow
29:03 Bow Saw
30:05 Hand Cart
30:39 Heavy Plow
32:48 Gold Mining
36:34 Imperial Age
33:33 Pikeman
35:02 Scale Mail Armor
36:45 Gold Shaft Mining
36:27 Chain Mail Armor
36:34 Capped Ram
36:43 Halberdier
37:56 Plate Mail Armor
38:06 Furor Celtica
38:40 Conscription
38:32 Forging
38:57 Siege Engineers
39:02 Arson
39:03 Gambesons
39:12 Siege Ram
41:00 Iron Casting
Connection lost

Rejoining the realm…

Still unreachable

The connection could not be restored.

Session expired

The server has moved on; the page needs a fresh start.